 Dungeon Crawl Stone Soup version 0.28-a0-1429-gf3d713df7a (webtiles) character file.

Game seed: 16358122111648679438

114 tatocazan the Skirmisher (level 4, -8/37 HPs)
             Began as a Demonspawn Fighter on Jan 8, 2022.
             Mangled by an iguana (11 damage)
             ... on level 3 of the Dungeon.
             The game lasted 00:02:35 (2694 turns).

tatocazan the Skirmisher (Demonspawn Fighter)       Turns: 2694, Time: 00:02:36

Health: -8/37      AC:  9    Str: 18    XL:     4   Next: 66%
Magic:  4/4        EV:  6    Int:  9    God:
Gold:   224        SH:  4    Dex: 13    Spells: 3/3 levels left

rFire   . . .      SeeInvis .   a - +0 war axe
rCold   . . .      Faith    .   c - +0 buckler
rNeg    . . .      Spirit   .   i - +0 chain mail
rPois   .          Reflect  .   (helmet restricted)
rElec   .          Harm     .   (no cloak)
rCorr   .          Rampage  .   (no gloves)
Will    .....                   (no boots)
Stlth   ..........              (no amulet)
HPRegen 0.12/turn               (no ring)
MPRegen 0.09/turn               (no ring)

@: invisible
A: antennae 2
a: no special abilities


You were on level 3 of the Dungeon.
You visited 1 branch of the dungeon, and saw 4 of its levels.

You collected 224 gold pieces.

Inventory:

Hand Weapons
 a - a +0 war axe (weapon)
Missiles
 m - 5 javelins (quivered)
Armour
 b - a +0 scale mail
 c - a +0 buckler (worn)
 i - a +0 chain mail (worn)
Jewellery
 o - a ring of see invisible
Scrolls
 e - 2 scrolls of blinking {unknown}
 f - 3 scrolls of fear {unknown}
 g - 4 scrolls of identify {unknown}
 k - 2 scrolls of teleportation {unknown}
 l - a scroll of enchant armour {unknown}
 n - a scroll of enchant weapon {unknown}
Potions
 d - 2 potions of might
 j - a potion of haste {unknown}
 p - a potion of lignification {unknown}


   Skills:
 + Level 3.7 Fighting
 * Level 2.8 Axes
 + Level 3.3 Armour
 + Level 3.3 Shields


You had 3 spell levels left.
You didn't know any spells.
Your spell library was empty.

Dungeon Overview and Level Annotations

Branches:
Dungeon (4/15)
 Temple: D:4-7

Altars:
Cheibriados


Innate Abilities, Weirdness & Mutations

You have a pair of antennae on your head.


Message History

The iguana bites you but does no damage.
You climb upwards.
There is a stone staircase leading down here.
You hit the iguana but do no damage. You block the iguana's attack.
You hit the iguana but do no damage.
The iguana bites you but does no damage. x2
You hit the iguana.
The iguana is lightly wounded.
The iguana bites you.
You take 1 damage, and have 30/37 hp.
You hit the iguana.
The iguana is lightly wounded.
The iguana bites you but does no damage.
The iguana bites you!
You take 10 damage, and have 20/37 hp.
MASSIVE DAMAGE!!
You are too injured to fight recklessly!
You are too injured to fight recklessly!
You are too injured to fight recklessly!
You are too injured to fight recklessly!
You hit the iguana but do no damage.
The iguana is lightly wounded.
The iguana bites you.
You take 2 damage, and have 18/37 hp.
You barely miss the iguana.
The iguana is lightly wounded.
The iguana bites you.
You take 5 damage, and have 13/37 hp.
You hit the iguana.
The iguana is moderately wounded.
You block the iguana's attack. The iguana bites you!
* * * LOW HITPOINT WARNING * * *
You take 11 damage, and have 2/37 hp.
MASSIVE DAMAGE!!
You hit the iguana.
The iguana is heavily wounded.
The iguana hisses menacingly.
You block the iguana's attack.
It was a potion of invisibility.
You fade into invisibility!
The iguana bites you!
You die...

#.# #######.#### #..##
#.# #..........###.#.##
#.# #.####........###.#
#.# #.# #..##.###.#.##
#.#
#.####......##..#####
#.#
#.......#...........#
#.#
#.####.###......###.#
#.# #.#
#(#####......##.# #.#
#.####...@.......##.#
#.#
##.......l...##...##.##
#.#
#..####...............#
#.# #..#
#.#.#.##.#..##..# #.#
#..# #........#..##.)#
..# #..#
###.............#
#######..#
###.##.#..###.# #.....#
#.......###.# #.##.##
#..#.#...##.#


You could see an iguana.

Vanquished Creatures
  4 adders (D:3)
  3 orcs (D:3)
  6 ball pythons
  7 endoplasms
  4 giant cockroaches
  6 goblins
  6 hobgoblins
  6 jackals
  5 kobolds
  3 quokkas
  5 bats
  8 frilled lizards
  6 rats
69 creatures vanquished.

Notes
Turn   | Place    | Note
-------+----------+-------------------------------------------
     0 | D:1      | tatocazan the Demonspawn Fighter began the quest for the
                  | Orb.
     0 | D:1      | Reached XP level 1. HP: 18/18 MP: 1/1
    88 | D:1      | Gained mutation: You have a pair of small antennae on your
                  | head. [demonic ancestry]
    88 | D:1      | Reached XP level 2. HP: 22/24 MP: 2/2
   112 | D:1      | Found a faded altar of an unknown god.
   580 | D:1      | Gained mutation: You have a pair of antennae on your head.
                  | [demonic ancestry]
   580 | D:1      | Reached XP level 3. HP: 29/29 MP: 3/3
  1583 | D:3      | Found a snail-covered altar of Cheibriados.
  1689 | D:3      | Reached XP level 4. HP: 17/35 MP: 4/4
  2655 | D:4      | Noticed a phantom
  2694 | D:3      | Mangled by an iguana

Illustrated notes

Levels and vault maps discovered:
D:1:      nzn_arrival_depleted_hourglass, layout_basic,
          ebering_ecumenical_altar_ruins, minmay_pentomino_r4
D:2:      layout_basic
D:3:      layout_loops_ring, nicolae_overflow_hidden_temple
D:4:      layout_cave_pools, nrook_uturn, kennysheep_nondescript,
          roderic_lattice_a

Skill      XL: |  1  2 |
---------------+-------+-----
Axes           | 2 |  2.8
Shields        | 3 |  3.3
Armour         | 3 |  3.3
Fighting       | |  3.7

Action                   |  1- 3 |  4- 6 || total
-------------------------+-------+-------++-------
Melee: War axe           |   149 |    35 ||   184
  Use: Potion            |       |     1 ||     1
Armor: Scale mail        |    16 |       ||    16
       Chain mail        |    73 |    23 ||    96
Dodge: Dodged            |    63 |     7 ||    70
Block: Buckler           |    39 |     8 ||    47

Table legend: (Time is in decaauts)
 A = Elapsed time spent in this place.
 B = Non-inter-level travel time spent in this place.
 C = Inter-level travel time spent in this place.
 D = Time resting spent in this place.
 E = Time spent auto-exploring this place.
 F = Levels seen in this place.
 G = Mean time per level.
                   A        B        C        D        E       F      G
               +--------+--------+--------+--------+--------+-----+--------+
         Total |   2773 |   2686 |     87 |    362 |   1808 |   4 |  693.2 |
       Dungeon |   2773 |   2686 |     87 |    362 |   1808 |   4 |  693.2 |
               +--------+--------+--------+--------+--------+-----+--------+

Top non-repeatable levels by time:
     D:3: 1181 daAuts
     D:1: 910 daAuts
     D:2: 672 daAuts
     D:4: 8 daAuts
